cohdb
Replays
Latest Replays
All Replays
Popular Replays
Top Player Replays
Match Explorer
How It Works
Community
CoH3 Stats
Reddit
Sign in to upload your games and track your stats! →
Sign in with Steam
Match 35445269
Unlisted
Match 35445269
Overview
Messages
Build Orders
End
Construct Barracks
Riflemen Squad
Riflemen Squad
Riflemen Squad
Grenade Package
Infantry Support Center
Construct Weapon Support Center
Selects Advanced Infantry Battlegroup
Selects Convert to Ranger Squad
M1919 Machine Gun Team
Construct Medical Station
Convert to Ranger Squad
M1918 Browning Automatic Rifles
M1 Mortar Team
M3 Armored Personnel Carrier
Convert to Ranger Squad
Improved M9 Bazooka Rockets
Selects Frontline Medical Station
Selects Ranger Weapon Training
ghey fish
Mr.SciaticGrowth.TV
Field marshal Prince
Lt Ripley
Apachpl
xSIRxBANGxALOTx
0
0
Comments
sign in to comment!
No comments posted yet!